 Dungeon Crawl Stone Soup version 0.31.0-12-g77e489cdc1 (webtiles) character file.

Game seed: 13612000723981177348

951 hawla the Covered (level 7, -1/57 HPs)
             Began as a Minotaur Fighter on Mar 3, 2024.
             Incinerated by a bombardier beetle (5 damage)
             ... with a burning spray
             ... on level 5 of the Dungeon on Mar 4, 2024.
             The game lasted 00:09:33 (3846 turns).

hawla the Covered (Minotaur Fighter)                Turns: 3846, Time: 00:09:33

Health: -1/57      AC: 10    Str: 17 (20) XL:     7   Next: 90%
Magic:  6/6        EV: 10    Int:  2 (5)  God:
Gold:   277        SH:  5    Dex: 11 (12) Spells: 6/6 levels left

rFire   . . .        a - +0 long sword
rCold   . . .        c - +0 buckler
rNeg    . . .        b - +0 scale mail
rPois   .            (helmet restricted)
rElec   .            n - +0 cloak
rCorr   .            (no gloves)
SInv    .            s - +0 pair of boots
Will    .....        (no amulet) Stlth
                     (no ring)
HPRegen 0.29/turn    (no ring)
MPRegen 0.10/turn

%: no passive effects
@: brilliant, on fire, glowing, studying Armour
A: horns 2, retaliatory headbutt, deterioration 1
a: no special abilities


You were on level 5 of the Dungeon.
You visited 1 branch of the dungeon, and saw 5 of its levels.
You also visited: Sewer.

You collected 277 gold pieces.

Inventory:

Hand Weapons
 a - a +0 long sword (weapon)
Missiles
 j - 2 throwing nets
 v - 16 poisoned darts (quivered)
Armour
 b - a +0 scale mail (worn)
 c - a +0 buckler (worn)
 n - a +0 cloak (worn)
 s - a +0 pair of boots (worn)
Jewellery
 B - an amulet of the acrobat
Wands
 k - a wand of polymorph (5)
 C - a wand of roots (11)
Scrolls
 e - a scroll of butterflies
 g - a scroll of silence
 m - 2 scrolls of fear
 o - 3 scrolls of vulnerability
 p - 2 scrolls of teleportation
 t - a scroll of enchant weapon
 x - a scroll of fog
 y - a scroll of immolation {unknown}
Potions
 d - 4 potions of might
 h - a potion of haste
 i - a potion of degeneration
 q - a potion of magic
 r - a potion of cancellation
 z - 2 potions of invisibility {unknown}


   Skills:
 - Level 3.6 Fighting
 - Level 2.4 Long Blades
 - Level 6.0 Throwing
 + Level 7.4 Armour
 - Level 3.0 Dodging
 - Level 5.0 Shields
 - Level 3.0 Evocations


You had 6 spell levels left.
You didn't know any spells.
Your spell library was empty.

Dungeon Overview and Level Annotations

Branches:
Dungeon (5/15)              Sewer (visited)
 Temple: D:4-7

Altars:
Sif Muna
Uskayaw


Innate Abilities, Weirdness & Mutations

You have a pair of horns on your head.
You reflexively headbutt those who attack you in melee.
Your body sometimes deteriorates upon taking damage.


Message History

You are even more covered in liquid fire!
You hit the bombardier beetle. You headbutt the bombardier beetle.
The bombardier beetle is severely wounded.
The liquid fire burns you!
Your body deteriorates!
You feel dopey.
The bombardier beetle sprays incendiary fluid at you.
The burning spray hits you.
You are even more covered in liquid fire!
You hit the bombardier beetle but do no damage.
The bombardier beetle is severely wounded.
The liquid fire burns you!
The bombardier beetle waves its antennae.
The bombardier beetle bites you but does no damage.
You barely miss the bombardier beetle.
The bombardier beetle is severely wounded.
The liquid fire burns you!
You slash the bombardier beetle!
You kill the bombardier beetle!
The liquid fire burns you!
You shake off some of the fire as you move.
The liquid fire burns you!
You see here a bombardier beetle corpse.
You shake off some of the fire as you move.
The liquid fire burns you!
You shake off some of the fire as you move.
The liquid fire burns you!
* * * LOW HITPOINT WARNING * * *
You shake off some of the fire as you move.
The liquid fire burns you!
* * * LOW HITPOINT WARNING * * *
You shake off some of the fire as you move.
The liquid fire burns you!
* * * LOW HITPOINT WARNING * * *
Found a shimmering blue altar of Sif Muna.
You shake off some of the fire as you move.
The liquid fire burns you!
* * * LOW HITPOINT WARNING * * *
It was a potion of brilliance.
You feel clever all of a sudden. The liquid fire burns you!
You die...

#### ###### ♣._ #...##.....##
8. #...........# ♣.
#............#
#'###............# ..
#................# ...
#................# ...(
#................#
.....###..@....†........
.................$......?.†##
... ..>..$........##.......#
.( ..####...#############.#
#.##.#.......### #.##
#..#.#.###.....# #..# ##
#[#.#.#####.#.## ##.##
.#####.....##.......# #...
....###.#####>##..### ###.


There were no monsters in sight!

Vanquished Creatures
  Menkaure (D:5)
  An ice beast (D:5)
  An ogre (D:3)
  A phantom (D:3)
  2 kobold brigands (Sewer)
  2 scorpions (D:4)
  2 bombardier beetles
  A jelly (D:3)
  An orc priest (D:4)
  A sleepcap (D:4)
  A river rat (D:4)
  5 adders
  A ribbon worm (D:3)
  A dart slug (D:1)
  10 orcs
  3 endoplasms
  9 giant cockroaches
  5 goblins
  9 hobgoblins
  3 quokkas
  7 ball pythons
  8 bats
  12 frilled lizards
  15 kobolds
  6 rats
108 creatures vanquished.

Notes
Turn   | Place    | Note
-------+----------+-------------------------------------------
     0 | D:1      | hawla the Minotaur Fighter began the quest for the Orb.
     0 | D:1      | Reached XP level 1. HP: 19/19 MP: 0/0
   133 | D:1      | Reached skill level 1 in Dodging
   242 | D:1      | Reached XP level 2. HP: 24/26 MP: 1/1
   858 | D:2      | Reached XP level 3. HP: 31/31 MP: 2/2
  1358 | D:3      | Reached skill level 5 in Shields
  1358 | D:3      | Reached skill level 1 in Throwing
  1358 | D:3      | Reached XP level 4. HP: 39/39 MP: 3/3
  1388 | D:3      | Noticed an ogre
  1406 | D:3      | Killed an ogre
  1407 | D:3      | Reached XP level 5. HP: 7/45 MP: 4/4
  1547 | D:3      | Found a hide-covered altar of Uskayaw.
  2130 | D:3      | Noticed a phantom
  2142 | D:3      | Killed a phantom
  2143 | D:3      | Reached XP level 6. HP: 49/51 MP: 5/5
  2285 | D:4      | Reached skill level 5 in Throwing
  2394 | D:4      | Found a glowing drain.
  2414 | Sewer    | Entered a sewer
  2612 | Sewer    | Reached XP level 7. HP: 40/57 MP: 6/6
  2815 | Sewer    | Reached skill level 1 in Evocations
  3479 | D:5      | Entered Level 5 of the Dungeon
  3517 | D:5      | Noticed Menkaure
  3525 | D:5      | Killed Menkaure
  3526 | D:5      | Reached skill level 5 in Armour
  3533 | D:5      | Reached skill level 6 in Armour
  3670 | D:5      | Reached skill level 7 in Armour
  3677 | D:5      | Gained mutation: You are dopey. (Int -2) [potion of
                  | mutation]
  3677 | D:5      | Gained mutation: Your body sometimes deteriorates upon
                  | taking damage. [potion of mutation]
  3677 | D:5      | Gained mutation: You have hidden genetic potential. [potion
                  | of mutation]
  3678 | D:5      | Lost mutation: You have hidden genetic potential. [potion
                  | of mutation]
  3678 | D:5      | Lost mutation: You are dopey. (Int -2) [potion of mutation]
  3845 | D:5      | Found a shimmering blue altar of Sif Muna.
  3846 | D:5      | Incinerated by a bombardier beetle

Illustrated notes

Levels and vault maps discovered:
D:1:      dpeg_arrival_prison, layout_loops_cross, minivault_26
D:2:      layout_basic
D:3:      minmay_bubble_buster, layout_loops_cross,
          eat_drink_and_be_merry_uskayaw
D:4:      layout_loops_ring, portal_sewer_entry_a
D:5:      layout_rooms, kennysheep_little_box, enter_ossuary_3, uniq_pikel,
          uniq_menkaure

Skill      XL: |  1  2  3  4  5  6  7 |
---------------+----------------------+-----
Dodging        | 1 3 |  3.0
Shields        | 5 |  5.0
Throwing       | 1 3 4 6 |  6.0
Evocations     | 3 |  3.0
Armour         | 7 |  7.4
Fighting       | |  3.6
Long Blades    | |  2.4

Action                     |  1- 3 |  4- 6 |  7- 9 || total
---------------------------+-------+-------+-------++-------
  Melee: Long sword        |   100 |   117 |    71 ||   288
         Headbutt          |     7 |    23 |    16 ||    46
  Throw: Dart              |       |     4 |       ||     4
    Use: Scroll            |     3 |     5 |     5 ||    13
         Potion            |       |     1 |     9 ||    10
 Armour: Scale mail        |    52 |    67 |    52 ||   171
  Dodge: Dodged            |    60 |    69 |    43 ||   172
  Block: Buckler           |    23 |    32 |    16 ||    71
